[Event "Team 45 45 League T85"]
[Site "Internet Chess Club"]
[Date "2020.08.03"]
[Round "5"]
[White "julesraider"]
[Black "andrew37"]
[Result "0-1"]
[WhiteElo "1605"]
[BlackElo "1678"]
[Opening "Grünfeld: exchange variation"]
[ECO "D85"]
[Time "19:00:49"]
[TimeControl "2700+45"]

1. d4 Nf6 2. c4 g6 3. Nc3 d5 4. cxd5 Nxd5 5. e4 Nxc3 6. bxc3 Bg7 7. Rb1 c5 8.
Nf3 Bg4 9. Rxb7 O-O 10. Be2 Nc6 11. Be3 Bxf3 12. Bxf3 cxd4 13. cxd4 Qa5+ 14. Bd2
Qa6 15. Qb1 Nxd4 16. Bd1 e6 17. f4 Rfd8 18. e5 Rac8 19. Rb2 Bf8 20. Bb4 Bxb4+
21. Rxb4 Nc6 22. Ra4 Qb6 23. Qxb6 axb6 24. Rf1 b5 25. Re4 Nd4 26. Rf2 Nf5 27.
Rd2 Rxd2 28. Kxd2 Rd8+ 29. Kc2 Nd4+ 30. Kc3 Nc6 31. a3 Rxd1 32. g4 Kf8 33. Kc2
Rd4 34. Rxd4 Nxd4+ 35. Kc3 Nc6 36. Kd3 Ke7 37. h4 Kd7 38. Ke4 Ne7 39. Kd4 Kc6
40. Ke4 Kc5 41. Kd3 Kd5 42. h5 gxh5 43. gxh5 h6 44. Kc3 Nc6 45. Kd3 Ne7 46. Kc3
Nf5 47. Kb4 Kc6 48. Kc3 Ng3 49. Kd3 Nxh5 50. Ke4 Ng7 51. Kf3 Kd5 52. Kg4 Ke4 53.
Kg3 h5 54. Kh4 Kxf4 55. a4 bxa4 56. Kh3 a3 57. Kh4 a2 58. Kh3 a1=Q 59. Kh2 Qc3
60. Kg2 h4 61. Kh2 h3 62. Kh1 Kg3 63. Kg1 Qe1# {White checkmated} 0-1

[Event "Team 45 45 League T85"]
[Site "Internet Chess Club"]
[Date "2020.07.29"]
[Round "5"]
[White "howah45"]
[Black "Portola"]
[Result "0-1"]
[WhiteElo "1181"]
[BlackElo "1655"]
[Opening "French: advance, Paulsen attack"]
[ECO "C02"]
[Time "18:01:24"]
[TimeControl "2700+45"]

1. e4 e6 2. d4 d5 3. e5 c5 4. c3 Nc6 5. Nf3 Qb6 6. a3 cxd4 7. cxd4 Bd7 8. b4 Rc8
9. Nc3 Nge7 10. Be3 Nf5 11. Bd3 Nxe3 12. fxe3 Nxb4 13. Rb1 Nxd3+ 14. Qxd3 Rxc3
15. Rxb6 Rxd3 16. Rxb7 Rxe3+ 17. Kf2 Rxa3 18. Rc1 Be7 19. Rcc7 O-O 20. Rxd7 Bd8
21. Ng5 Bxg5 {White resigns} 0-1

[Event "Team 45 45 League T85"]
[Site "Internet Chess Club"]
[Date "2020.07.30"]
[Round "5"]
[White "elmaestro"]
[Black "ascoli"]
[Result "1-0"]
[WhiteElo "1685"]
[BlackElo "1593"]
[Opening "French: advance, Milner-Barry gambit"]
[ECO "C02"]
[Time "12:28:27"]
[TimeControl "2700+45"]

1. e4 e6 2. d4 d5 3. e5 c5 4. c3 Nc6 5. Nf3 Qb6 6. Bd3 cxd4 7. cxd4 Bd7 8. O-O
Nxd4 9. Nbd2 Nxf3+ 10. Nxf3 Bb5 11. Be3 Bc5 12. Bxc5 Qxc5 13. Rc1 Qb6 14. Bxb5+
Qxb5 15. Nd4 Qb6 16. Qg4 Ne7 17. h4 O-O 18. h5 h6 19. Rc3 Kh8 20. Rg3 Rg8 21.
Qf4 Raf8 22. Rc1 f5 23. Rb3 Qa6 24. Rc7 Nc6 25. Rbxb7 Nxd4 26. Qxh6+ gxh6 27.
Rh7# {Black checkmated} 1-0

[Event "Team 45 45 League T85"]
[Site "Internet Chess Club"]
[Date "2020.07.30"]
[Round "5"]
[White "Threehundreds"]
[Black "unicornbookworm"]
[Result "0-1"]
[WhiteElo "1481"]
[BlackElo "1811"]
[Opening "Ruy Lopez: 5.O-O"]
[ECO "C78"]
[Time "22:00:50"]
[TimeControl "2700+45"]

1. e4 e5 2. Nf3 Nc6 3. Bb5 a6 4. Ba4 Nf6 5. O-O b5 6. Bb3 Bc5 7. c3 d6 8. a4 Rb8
9. d4 Bb6 10. a5 Ba7 11. h3 O-O 12. Be3 exd4 13. cxd4 h6 14. Re1 Ne7 15. Nbd2
Bb7 16. Bc2 Ng6 17. Nf1 Nxe4 18. Bxh6 Nxf2 19. Kxf2 Bxf3 20. gxf3 Qh4+ 21. Ng3
Qxh6 22. Bf5 Nf4 23. Rh1 Rfe8 24. Rc1 Qf6 25. Rxc7 Bxd4+ 26. Kf1 Re3 27. Ne4
Qxf5 28. Qxd4 Rxf3+ 29. Ke1 Re8 {White resigns} 0-1

[Event "Team 45 45 League T85"]
[Site "Internet Chess Club"]
[Date "2020.08.02"]
[Round "5"]
[White "Ajolote"]
[Black "kidcobra"]
[Result "1-0"]
[WhiteElo "2002"]
[BlackElo "1818"]
[Opening "Ruy Lopez: Cozio defense, Paulsen variation"]
[ECO "C60"]
[Time "19:19:38"]
[TimeControl "2700+45"]

1. e4 e5 2. Nf3 Nc6 3. Bb5 Nge7 4. Nc3 g6 5. d4 exd4 6. Nxd4 Bg7 7. Be3 O-O 8.
Qd2 Ne5 9. Bh6 c6 10. Bxg7 Kxg7 11. Be2 d5 12. O-O-O dxe4 13. Nxe4 Nf5 14. Qc3
Qe7 15. f4 Nxd4 16. Qxd4 f6 17. fxe5 fxe5 18. Qd6 Qxd6 19. Rxd6 Bf5 20. Bf3 Bxe4
21. Bxe4 Rf7 22. Re6 Rf4 23. Bf3 g5 24. Rxe5 h6 25. h3 Rd8 26. Rd1 Rxd1+ 27.
Kxd1 Kf6 28. Re4 Rf5 29. Re8 Rb5 30. b3 c5 31. Rb8 b6 32. c4 Ra5 33. a4 Ke5 34.
Kc2 Ra6 35. Bb7 Ra5 36. Rh8 h5 37. Rxh5 a6 38. Rxg5+ Kd6 39. Rg6+ Kc7 40. Bc6 b5
41. h4 bxc4 42. bxc4 Kb6 43. h5 Rxa4 44. Bxa4+ Ka5 45. h6 Kb4 46. h7 Ka3 47.
h8=Q Kb4 48. Qc3+ Kxa4 49. Rxa6# {Black checkmated} 1-0

[Event "Team 45 45 League T85"]
[Site "Internet Chess Club"]
[Date "2020.08.03"]
[Round "5"]
[White "Manas"]
[Black "hipopotamos"]
[Result "1/2-1/2"]
[WhiteElo "1622"]
[BlackElo "1650"]
[Opening "Giuoco Piano"]
[ECO "C50"]
[Time "20:00:32"]
[TimeControl "2700+45"]

1. e4 e5 2. Nf3 Nc6 3. Bc4 Bc5 4. O-O d6 5. c3 Nf6 6. d3 h6 7. h3 O-O 8. Re1 Bd7
9. Bb3 Ne7 10. d4 exd4 11. cxd4 Bb6 12. Nc3 Ng6 13. e5 dxe5 14. dxe5 Nh5 15. Nh2
Qh4 16. Be3 Bxe3 17. Rxe3 Bc6 18. Nf3 Qe7 19. Nd4 Rad8 20. Qg4 Nhf4 21. Nxc6
bxc6 22. e6 f5 23. Qf3 Rd6 24. Rd1 Rfd8 25. Kh2 Rxd1 26. Nxd1 Rd6 27. Nc3 Kh7
28. g3 Nxe6 29. Qxf5 Qf8 30. Bxe6 Rxe6 31. Qxf8 Nxf8 32. Kg2 Rxe3 33. fxe3 Kg6
34. Kf3 Ne6 35. h4 Kf5 36. Ne2 c5 37. e4+ Ke5 38. Ke3 g5 39. b3 a5 40. Nc1 gxh4
41. gxh4 Nf4 42. a3 Ng2+ 43. Kf3 Nxh4+ 44. Kg4 Ng6 45. Nd3+ Kd4 46. Nf2 Kc3 47.
Kf5 Nf8 48. e5 Kxb3 49. Ne4 Kxa3 50. Nxc5 Kb4 51. Na6+ Kb5 52. Nxc7+ Kc6 53. Na6
h5 54. Kg5 Kd5 55. Kxh5 Kxe5 56. Nc5 Ne6 57. Na4 Kd4 58. Kg6 Nc5 59. Nb6 Nd3 60.
Kf6 Kc5 61. Na4+ Kb4 62. Nb6 Kb5 63. Nd5 Nb4 64. Nc3+ Kc4 65. Na4 Kb3 66. Nc5+
Kc4 67. Na4 Na2 68. Ke6 Kb4 69. Nb6 Kb5 70. Nd5 a4 71. Ke5 a3 72. Kd4 Nb4 73.
Nc3+ Ka5 74. Kc4 Nc2 75. Kb3 a2 76. Nxa2 {Game drawn because neither player has
mating material} 1/2-1/2

[Event "Team 45 45 League T85"]
[Site "Internet Chess Club"]
[Date "2020.08.01"]
[Round "5"]
[White "cayo89"]
[Black "zappower"]
[Result "0-1"]
[WhiteElo "1626"]
[BlackElo "1863"]
[Opening "Queen's pawn: London system"]
[ECO "A45"]
[Time "17:01:20"]
[TimeControl "2700+45"]

1. d4 Nf6 2. Bf4 g6 3. Nc3 d5 4. e3 Bg7 5. Be2 O-O 6. h4 c5 7. h5 cxd4 8. exd4
Nc6 9. hxg6 fxg6 10. Bh6 Bxh6 11. Rxh6 Qb6 12. Nf3 Qxb2 13. Na4 Qa3 14. Nc5 Ng4
15. Rh1 e5 16. Rf1 Qc3+ 17. Nd2 Nxd4 {White resigns} 0-1

[Event "Team 45 45 League T85"]
[Site "Internet Chess Club"]
[Date "2020.08.02"]
[Round "5"]
[White "KidRattler"]
[Black "fireball"]
[Result "1-0"]
[WhiteElo "1789"]
[BlackElo "1542"]
[Opening "Queen's pawn game"]
[ECO "A46"]
[Time "09:01:11"]
[TimeControl "2700+45"]

1. d4 Nf6 2. Nf3 d6 3. Bf4 g6 4. e3 Bg7 5. Be2 O-O 6. Nbd2 b6 7. h3 Bb7 8. O-O
Nbd7 9. c3 Nh5 10. Bh2 f5 11. Ng5 Bd5 12. c4 Bf7 13. Bxh5 gxh5 14. Nxf7 Rxf7 15.
Qxh5 e6 16. Rad1 Rf6 17. f4 Rg6 18. Qf3 Rb8 19. g3 Nf6 20. e4 Nh5 21. Qxh5 Bxd4+
22. Kg2 Bxb2 23. exf5 exf5 24. Qxf5 Qe8 25. Rfe1 Qc6+ 26. Qd5+ Qxd5+ 27. cxd5
Rf8 28. Kf3 Ba3 29. Re7 Rf7 30. Rxf7 Kxf7 31. g4 Rg8 32. Ne4 h6 33. g5 hxg5 34.
Nxg5+ Ke7 35. Re1+ Kd8 36. h4 Bb2 37. f5 Bf6 38. Bf4 Kd7 39. Re6 Bd8 40. Kg4 b5
41. f6 Rf8 42. Kf5 b4 43. Kg6 Rh8 44. f7 Be7 45. Kg7 Rxh4 46. Rxe7+ Kxe7 47.
f8=Q+ {Black resigns} 1-0

[Event "Team 45 45 League T85"]
[Site "Internet Chess Club"]
[Date "2020.08.03"]
[Round "5"]
[White "Eigeneier"]
[Black "MarcB"]
[Result "1/2-1/2"]
[WhiteElo "1940"]
[BlackElo "1916"]
[Opening "QGD semi-Slav: Meran, Wade variation"]
[ECO "D47"]
[Time "19:43:26"]
[TimeControl "2700+45"]

1. d4 d5 2. Nf3 Nf6 3. c4 c6 4. e3 e6 5. Nc3 Nbd7 6. Bd3 dxc4 7. Bxc4 b5 8. Bd3
Bb7 9. O-O Be7 10. a3 O-O 11. e4 c5 12. e5 Nd5 13. Nxb5 Qb6 14. Re1 a6 15. Nc3
cxd4 16. Nxd4 Rfc8 17. Nxd5 Bxd5 18. b4 a5 19. b5 Bc5 20. Bb2 Nf8 21. Rc1 Ng6
22. Bxg6 hxg6 23. a4 Rc7 24. Qg4 Rac8 25. Rcd1 Bxd4 26. Bxd4 Rc4 27. Bxb6 Rxg4
28. f3 Rxa4 29. Ra1 Rxa1 30. Rxa1 Rb8 31. Bxa5 Rxb5 32. Bc7 {Game drawn by
mutual agreement} 1/2-1/2

[Event "Team 45 45 League T85"]
[Site "Internet Chess Club"]
[Date "2020.07.31"]
[Round "5"]
[White "Ajolote"]
[Black "filmdirector"]
[Result "1-0"]
[WhiteElo "1993"]
[BlackElo "1632"]
[Opening "Ruy Lopez: Caro variation"]
[ECO "C70"]
[Time "19:01:51"]
[TimeControl "2700+45"]

1. e4 e5 2. Nf3 Nc6 3. Bb5 a6 4. Ba4 b5 5. Bb3 Nf6 6. O-O Bc5 7. d3 d6 8. c3 O-O
9. Bg5 h6 10. Bh4 g5 11. Bg3 Bb6 12. Re1 Be6 13. Nbd2 Qe7 14. Nf1 Ng4 15. h3 Nf6
16. Ne3 Na5 17. Bc2 Nh5 18. Bh2 Nf4 19. d4 c5 20. Bxf4 gxf4 21. Nd5 Bxd5 22.
exd5 cxd4 23. cxd4 f6 24. Nh4 f5 25. Nxf5 Rxf5 26. Bxf5 Bxd4 27. Qxd4 Qg5 28.
Be6+ Kg7 29. Qb6 Nc4 30. Qb7+ {Black resigns} 1-0

[Event "Team 45 45 League T85"]
[Site "Internet Chess Club"]
[Date "2020.07.30"]
[Round "5"]
[White "timothysmall56"]
[Black "JPSVI"]
[Result "0-1"]
[WhiteElo "1566"]
[BlackElo "1773"]
[Opening "Queen's pawn"]
[ECO "A40"]
[Time "19:06:11"]
[TimeControl "2700+45"]

1. d4 e6 2. Bf4 f5 3. Nf3 Nf6 4. Nc3 d6 5. e3 g6 6. Bd3 Bg7 7. O-O O-O 8. Re1
Nc6 9. Qe2 b6 10. Rad1 Bb7 11. e4 Nxe4 12. Nxe4 fxe4 13. Qxe4 Nxd4 14. Qxb7 Rxf4
15. Nxd4 Bxd4 16. Rd2 Qf8 17. Ree2 Bxb2 18. Rxe6 Re8 19. Rxe8 Qxe8 20. Re2 Qd7
21. Qd5+ Qf7 22. Re6 Rxf2 23. Bc4 Kg7 24. Re7 Qxe7 25. Kxf2 Qf6+ 26. Ke2 Qe5+
27. Qxe5+ Bxe5 28. h3 c6 29. a4 d5 30. Ba6 c5 31. Bb7 d4 32. Kd3 Kf6 33. Kc4 Kg5
34. Kd5 Kf4 35. g3+ Kxg3 36. Kxe5 Kxh3 37. Kf6 Kg4 38. Kg7 g5 39. Kxh7 c4 40.
Ba6 d3 41. c3 d2 42. Kh6 d1=Q {White resigns} 0-1

[Event "Team 45 45 League T85"]
[Site "Internet Chess Club"]
[Date "2020.08.03"]
[Round "5"]
[White "cayo89"]
[Black "KidRattler"]
[Result "0-1"]
[WhiteElo "1622"]
[BlackElo "1795"]
[Opening "Queen's pawn, Mason variation"]
[ECO "D00"]
[Time "20:19:15"]
[TimeControl "2700+45"]

1. d4 d5 2. Bf4 Nf6 3. e3 Bf5 4. c3 e6 5. Qb3 Qc8 6. Nd2 Nh5 7. Be5 f6 8. Bg3
Nxg3 9. hxg3 a6 10. Ngf3 g5 11. Be2 Bd6 12. c4 c6 13. c5 Be7 14. Bd3 Nd7 15.
Bxf5 exf5 16. Qd3 Nf8 17. Ke2 Qe6 18. Rh6 O-O-O 19. Nxg5 Qg8 20. Qxf5+ Kb8 21.
Ngf3 Re8 22. Rah1 Bd8 23. b4 Qf7 24. Kd3 Ng6 25. Nh4 Qg7 26. Nxg6 hxg6 27. Qf4+
Bc7 28. Qh4 Rxh6 29. Qxh6 Qe7 30. Qxg6 a5 31. a3 a4 32. Rh3 Qe6 33. Rh7 Rg8 34.
Qf7 Qf5+ 35. Kc3 Rc8 36. f3 Qg5 37. Qe7 Qxg3 38. Qxf6 Qe1 39. Kd3 Qa1 40. Rh8
Qxa3+ 41. Ke2 Qxb4 42. Rxc8+ Kxc8 43. Qf5+ Kb8 44. Qc2 Ba5 45. Kd1 a3 46. Kc1
Qxd2+ {White resigns} 0-1

[Event "Team 45 45 League T85"]
[Site "Internet Chess Club"]
[Date "2020.07.31"]
[Round "5"]
[White "Tufnell"]
[Black "primerpaso"]
[Result "1/2-1/2"]
[WhiteElo "1840"]
[BlackElo "1788"]
[Opening "Sicilian: Prins (Moscow) variation"]
[ECO "B55"]
[Time "14:04:13"]
[TimeControl "2700+45"]

1. e4 c5 2. Nf3 d6 3. d4 cxd4 4. Nxd4 Nf6 5. f3 e5 6. Nb3 Be6 7. c4 Nbd7 8. Be3
Nb6 9. N3d2 Be7 10. Nc3 O-O 11. Rc1 Rc8 12. b3 Nfd7 13. Be2 Bh4+ 14. g3 Bg5 15.
Bf2 a6 16. Rc2 Qc7 17. O-O Rfd8 18. Ndb1 Nc5 19. Nd5 Bxd5 20. cxd5 Qe7 21. Re1
Ncd7 22. Rxc8 Rxc8 23. Bf1 g6 24. Bh3 Qd8 25. Kg2 Rc1 26. Qe2 Qc7 27. a4 Rc2 28.
Qd3 Rb2 29. a5 Na8 30. Bxd7 {Game drawn by mutual agreement} 1/2-1/2

[Event "Team 45 45 League T85"]
[Site "Internet Chess Club"]
[Date "2020.07.29"]
[Round "5"]
[White "ANGELLR"]
[Black "Boxermam"]
[Result "1-0"]
[WhiteElo "1826"]
[BlackElo "1736"]
[Opening "Queen's pawn"]
[ECO "A40"]
[Time "19:00:54"]
[TimeControl "2700+45"]

1. d4 e6 2. Bf4 d5 3. e3 Nf6 4. Nf3 c5 5. c3 Nc6 6. Nbd2 Bd6 7. Bg3 O-O 8. Bd3
b6 9. Ne5 Bb7 10. O-O Ne7 11. Qf3 Ng6 12. Nxg6 hxg6 13. Bh4 Be7 14. Rad1 Rc8 15.
Rfe1 Qd7 16. Qh3 Nh7 17. Nf3 Bxh4 18. Qxh4 Qd8 19. Qxd8 Rfxd8 20. Ne5 Nf6 21. f4
Kf8 22. Kf2 Ke7 23. h4 Rh8 24. g3 Rcd8 25. Rh1 Rc8 26. Rc1 Rhd8 27. g4 Rh8 28.
g5 Nh5 29. Kf3 Rc7 30. Bxg6 Kf8 31. Kg4 Kg8 32. Bxh5 g6 33. Bxg6 fxg6 34. Nxg6
Rhh7 35. h5 Rhf7 36. h6 Ba6 37. Rh2 Bd3 38. Ne5 Bf5+ 39. Kh5 Rfe7 40. g6 c4 41.
Kg5 Re8 42. Ng4 Bxg4 43. Kxg4 Rf8 44. Rh5 Rf6 45. Rg5 Rc8 46. Rg1 b5 47. Kh5 a5
48. g7 Rf5 49. Kg6 Rxg5+ 50. Rxg5 {Black resigns} 1-0

[Event "Team 45 45 League T85"]
[Site "Internet Chess Club"]
[Date "2020.08.01"]
[Round "5"]
[White "ChessPlayer2005"]
[Black "ElValero"]
[Result "1-0"]
[WhiteElo "1775"]
[BlackElo "1732"]
[Opening "French: Tarrasch, open variation"]
[ECO "C07"]
[Time "12:01:38"]
[TimeControl "2700+45"]

1. e4 e6 2. d4 d5 3. Nd2 c5 4. exd5 Qxd5 5. Ngf3 cxd4 6. Bc4 Qd6 7. O-O Nf6 8.
Nb3 Nc6 9. Nbxd4 Nxd4 10. Nxd4 Bd7 11. c3 Be7 12. Qe2 Rc8 13. Be3 Qc7 14. Bb5
O-O 15. Bxd7 Qxd7 16. Rfd1 a6 17. Nf5 Qe8 18. Nd6 Bxd6 19. Rxd6 Qe7 20. Bf4 Rfd8
21. Rad1 Rxd6 22. Bxd6 Qe8 23. Be5 Nd5 24. Qg4 f6 25. Bd4 e5 26. Bxe5 Rd8 27.
Bg3 Nc7 {Black resigns} 1-0

[Event "Team 45 45 League T85"]
[Site "Internet Chess Club"]
[Date "2020.07.30"]
[Round "5"]
[White "cayo89"]
[Black "QuieroAprender"]
[Result "0-1"]
[WhiteElo "1633"]
[BlackElo "1588"]
[Opening "Queen's pawn: London system"]
[ECO "A45"]
[Time "20:38:46"]
[TimeControl "2700+45"]

1. d4 Nf6 2. Bf4 g6 3. Nc3 c6 4. e4 d6 5. Be2 Bg7 6. h4 h5 7. Qd2 Bg4 8. f3 Bc8
9. O-O-O Nbd7 10. e5 dxe5 11. dxe5 Nh7 12. e6 fxe6 13. Qe3 Qa5 14. Qxe6 Nhf8 15.
Qe3 Bxc3 16. bxc3 Qxa2 17. Bd6 Rh7 18. Bd3 Nb6 19. Nh3 Be6 20. Ng5 exd6 21. Nxh7
Nxh7 22. Bxg6+ Ke7 23. Bxh7 Qa3+ 24. Kb1 Nc4 25. Qg5+ Kd7 26. Qg7+ Kc8 {White
resigns} 0-1

[Event "Team 45 45 League T85"]
[Site "Internet Chess Club"]
[Date "2020.08.02"]
[Round "5"]
[White "kabindra"]
[Black "liujf"]
[Result "0-1"]
[WhiteElo "1719"]
[BlackElo "1663"]
[Opening "Bishop's opening"]
[ECO "C23"]
[Time "17:06:43"]
[TimeControl "2700+45"]

1. e4 e5 2. Bc4 Nc6 3. d4 Nxd4 4. Nf3 Nxf3+ 5. Qxf3 Nf6 6. Qb3 Qe7 7. Nc3 d6 8.
Nd5 Nxd5 9. Bxd5 c6 10. Bc4 Be6 11. Bxe6 fxe6 12. O-O O-O-O 13. Be3 Kb8 14. Qa4
c5 15. b4 Qd7 16. Qb3 cxb4 17. a3 d5 18. exd5 exd5 19. axb4 d4 20. Rfd1 Bd6 21.
Bg5 Rc8 22. b5 Rhf8 23. Qa2 Bc5 24. c3 Qf7 25. Qe2 Qf5 26. Bh4 dxc3 27. Bg3 c2
28. Bxe5+ Ka8 29. Rf1 Qxf2+ 30. Rxf2 Bxf2+ 31. Qxf2 c1=Q+ 32. Qe1 Qc5+ 33. Kh1
Rce8 34. Qa5 Rxe5 35. h3 Ref5 36. Kh2 Qe5+ 37. Kg1 Qd4+ 38. Kh2 Rf1 39. Ra3 Qd6+
40. Rg3 Qb6 41. Qxb6 axb6 42. Rxg7 R8f7 43. Rg5 R1f5 44. Rg8+ Ka7 45. g4 Rxb5
46. h4 Rf3 47. Kg2 Rc3 48. Rf8 Rb2+ 49. Rf2 Rxf2+ 50. Kxf2 b5 51. g5 {White
resigns} 0-1

[Event "Team 45 45 League T85"]
[Site "Internet Chess Club"]
[Date "2020.08.01"]
[Round "5"]
[White "Hal2001"]
[Black "VictorRed"]
[Result "0-1"]
[WhiteElo "1482"]
[BlackElo "1568"]
[Opening "Caro-Kann defense"]
[ECO "B12"]
[Time "20:31:03"]
[TimeControl "2700+45"]

1. e4 c6 2. d4 e6 3. c3 Nf6 4. Bg5 Be7 5. Nd2 O-O 6. Bd3 d6 7. Bc2 Nbd7 8. Ngf3
h6 9. Bh4 b6 10. Qe2 a5 11. Bd3 Nh5 12. Bg3 Nxg3 13. hxg3 Bf6 14. Nc4 d5 15.
Nce5 Nxe5 16. dxe5 Be7 17. O-O-O Qc7 18. Kb1 c5 19. Bc2 Bb7 20. exd5 exd5 21.
Qd3 f5 22. exf6 Rxf6 23. Qh7+ Kf7 24. Nh4 Qc6 25. Nf5 Bf8 26. g4 Bc8 27. Ne3 Be6
28. Nf5 Bxf5 29. Bxf5 Re8 30. g5 hxg5 31. Rde1 Rxe1+ 32. Rxe1 Rh6 33. Be6+ Rxe6
34. Qf5+ Rf6 35. Qxg5 Rxf2 36. Qh5+ Kg8 37. Rh1 Rf6 38. Qh7+ Kf7 39. Qh5+ Ke7
40. Rg1 Qe6 41. Qh2 Kd7 42. Qb8 Qf5+ 43. Kc1 Qf4+ 44. Qxf4 Rxf4 {White resigns}
0-1

[Event "Team 45 45 League T85"]
[Site "Internet Chess Club"]
[Date "2020.07.31"]
[Round "5"]
[White "Toalla"]
[Black "Pawnchain"]
[Result "1-0"]
[WhiteElo "1225"]
[BlackElo "1320"]
[Opening "QGD: Chigorin defense"]
[ECO "D07"]
[Time "12:01:10"]
[TimeControl "2700+45"]

1. d4 d5 2. c4 Nc6 3. Bf4 Nf6 4. Nc3 a6 5. cxd5 Nxd5 6. Nxd5 Qxd5 7. e3 Qa5+ 8.
Qd2 Qb6 9. Nf3 e6 10. a3 Be7 11. Be2 O-O 12. O-O Na5 13. Rab1 Nb3 14. Qc3 c5 15.
Bc4 Na5 16. Ba2 Nc6 17. Rfd1 Qa5 18. Qxa5 Nxa5 19. d5 exd5 20. Bxd5 Bf5 21. Rbc1
Rad8 22. Bc7 Rxd5 23. Rxd5 Be6 24. Re5 Nb3 25. Rd1 Bf6 26. Nd2 Bxe5 27. Bxe5 Rd8
28. Bc3 c4 29. Kf1 Bf5 30. Ke1 Nc5 31. Nxc4 Rxd1+ 32. Kxd1 Nd3 33. f3 Be6 34.
Nd2 Nc5 35. g3 g6 36. f4 f5 37. Nf3 Bd5 38. Ne5 Be4 39. h4 Na4 40. Bd4 Bd5 41.
Kd2 Nxb2 42. Bxb2 Bb3 43. Kc3 {Black resigns} 1-0

[Event "Team 45 45 League T85"]
[Site "Internet Chess Club"]
[Date "2020.07.30"]
[Round "5"]
[White "Yedixon"]
[Black "Gojira"]
[Result "1-0"]
[WhiteElo "1618"]
[BlackElo "1577"]
[Opening "English opening"]
[ECO "A16"]
[Time "21:01:50"]
[TimeControl "2700+45"]

1. c4 Nf6 2. Nc3 c6 3. e4 d6 4. g3 g6 5. Bg2 Bg7 6. Nge2 O-O 7. O-O Be6 8. d3
Qc8 9. Nf4 Bd7 10. Rb1 e5 11. Nfe2 Na6 12. b4 Nc7 13. a4 b5 14. axb5 cxb5 15. f4
Rb8 16. fxe5 dxe5 17. c5 Ne6 18. Nd5 Qd8 19. Bb2 Ne8 20. Ra1 Rb7 21. Qc2 Bc6 22.
Ra6 Qd7 23. Rfa1 Nf6 24. Bxe5 Nxd5 25. exd5 Bxd5 26. Bxg7 Kxg7 27. c6 Rc7 28.
Qb2+ {Black resigns} 1-0

[Event "Team 45 45 League T85"]
[Site "Internet Chess Club"]
[Date "2020.08.02"]
[Round "5"]
[White "evan7284"]
[Black "ascoli"]
[Result "1-0"]
[WhiteElo "1645"]
[BlackElo "1607"]
[Opening "Queen's pawn: London system"]
[ECO "A45"]
[Time "07:01:17"]
[TimeControl "2700+45"]

1. d4 Nf6 2. Bf4 g6 3. Nc3 Bg7 4. e4 d6 5. Qd2 O-O 6. Bh6 e5 7. Bxg7 Kxg7 8.
O-O-O exd4 9. Qxd4 Nc6 10. Qd2 Re8 11. f3 Be6 12. h4 h5 13. Be2 d5 14. exd5 Nxd5
15. Nxd5 Bxd5 16. Qxd5 Qf6 17. Qg5 Qe6 18. Kb1 Nb4 19. Qa5 c5 20. Qa3 Kh7 21.
Qb3 Qf5 22. Bc4 Rad8 23. Nh3 Rxd1+ 24. Rxd1 Qd7 25. Ng5+ Kh6 26. Nxf7+ Kh7 27.
Ng5+ Kh6 28. Rf1 Qd2 29. Ne4 Qxg2 30. Qe3+ Kg7 31. Qc3+ Kh6 32. Qd2+ {Black
resigns} 1-0

[Event "Team 45 45 League T85"]
[Site "Internet Chess Club"]
[Date "2020.08.02"]
[Round "5"]
[White "danielcao"]
[Black "Tjet"]
[Result "0-1"]
[WhiteElo "1342"]
[BlackElo "1335"]
[Opening "Sicilian: Najdorf, Opocensky variation"]
[ECO "B92"]
[Time "21:05:57"]
[TimeControl "2700+45"]

1. e4 c5 2. Nf3 d6 3. d4 cxd4 4. Nxd4 Nf6 5. Nc3 a6 6. Be2 e5 7. Nb3 Be6 8. Be3
Be7 9. O-O O-O 10. Qd2 Nbd7 11. Rad1 b5 12. f3 Qc7 13. Nd5 Bxd5 14. exd5 Rfc8
15. Rc1 Nb6 16. Bd3 Nc4 17. Bxc4 Qxc4 18. Na5 Qxd5 19. Qb4 Qe6 20. b3 Nd5 21.
Qd2 Nxe3 22. Qxe3 d5 23. Rfe1 Bc5 24. Qxc5 Rxc5 25. f4 Qb6 26. Kh1 Qxa5 27. Rxe5
Qd2 28. Rce1 g6 29. R5e2 Qxf4 30. Kg1 Rcc8 31. Rf2 Qd4 32. Rf1 Qxf2+ 33. Rxf2
Rc3 34. Kf1 Rac8 35. Ke1 Rxc2 36. Rxc2 Rxc2 37. a3 Rxg2 {White resigns} 0-1

[Event "Team 45 45 League T85"]
[Site "Internet Chess Club"]
[Date "2020.07.31"]
[Round "5"]
[White "kingsrook"]
[Black "dabodhi"]
[Result "0-1"]
[WhiteElo "1171"]
[BlackElo "1294"]
[Opening "QGD: exchange, positional line, 5...c6"]
[ECO "D35"]
[Time "16:07:15"]
[TimeControl "2700+45"]

1. d4 d5 2. c4 e6 3. Nc3 Nf6 4. cxd5 exd5 5. Bg5 c6 6. e3 Be7 7. Nf3 Nbd7 8. Qc2
h6 9. Bh4 Nh5 10. Bg3 a5 11. Bd3 Nxg3 12. hxg3 b5 13. b3 Ba6 14. O-O Qc7 15. a3
h5 16. Nh4 b4 17. axb4 Bxd3 18. Qxd3 Qb6 19. b5 g6 20. Rfc1 Rc8 21. Na4 Qb7
{White forfeits on time} 0-1

[Event "Team 45 45 League T85"]
[Site "Internet Chess Club"]
[Date "2020.07.30"]
[Round "5"]
[White "Demachaeron"]
[Black "DaveTheRook"]
[Result "1-0"]
[WhiteElo "1721"]
[BlackElo "1528"]
[Opening "Sicilian"]
[ECO "B50"]
[Time "18:02:38"]
[TimeControl "2700+45"]

1. e4 c5 2. Nf3 d6 3. b3 Nc6 4. Bb2 Nf6 5. d3 e5 6. g3 Be7 7. Bg2 O-O 8. O-O Re8
9. Nbd2 h6 10. Re1 Be6 11. Nf1 Bf8 12. c3 Qd7 13. d4 Bg4 14. dxc5 dxc5 15. Qxd7
Bxd7 16. Ne3 Be6 17. Nc2 Rad8 18. Rad1 Bg4 19. h3 Bc8 20. Nh2 b6 21. Ne3 b5 22.
Nd5 Nxd5 23. exd5 Na5 24. Bf1 c4 25. b4 Nb7 26. Bc1 Nd6 27. Bg2 f5 28. Nf1 Bd7
29. Be3 a6 30. Bc5 g6 31. Re2 e4 32. f3 exf3 33. Rxe8 Rxe8 34. Bxf3 Ne4 35. Bxf8
Kxf8 36. Bxe4 Rxe4 37. Kf2 Ke7 38. Ne3 Kd6 39. Kf3 Re5 40. Rd4 g5 41. a4 bxa4
42. Nxc4+ {Black resigns} 1-0

[Event "Team 45 45 League T85"]
[Site "Internet Chess Club"]
[Date "2020.08.02"]
[Round "5"]
[White "pokerram"]
[Black "KidRattler"]
[Result "0-1"]
[WhiteElo "1538"]
[BlackElo "1786"]
[Opening "Scandinavian (center counter) defense"]
[ECO "B01"]
[Time "19:45:38"]
[TimeControl "2700+45"]

1. e4 d5 2. exd5 Qxd5 3. Nc3 Qd8 4. d4 Nf6 5. Nf3 a6 6. Be2 Bf5 7. O-O e6 8. Bg5
Be7 9. Re1 h6 10. Bf4 O-O 11. Qd2 g5 12. Be5 Nd5 13. Nxd5 exd5 14. Bg3 Nd7 15.
Bd3 Bxd3 16. Qxd3 f5 17. Be5 Bd6 18. Bxd6 cxd6 19. Re6 Rf6 20. Rae1 b5 21. Re8+
Qxe8 22. Rxe8+ Rxe8 23. h4 g4 24. Nh2 Nf8 25. h5 Ne6 26. g3 Ng5 27. f4 Nh3+ 28.
Kg2 Rfe6 29. Nxg4 fxg4 {White resigns} 0-1

[Event "Team 45 45 League T85"]
[Site "Internet Chess Club"]
[Date "2020.08.03"]
[Round "5"]
[White "Validus"]
[Black "Denis240964"]
[Result "0-1"]
[WhiteElo "1439"]
[BlackElo "1421"]
[Opening "Queen's pawn, Mason variation"]
[ECO "D00"]
[Time "14:01:31"]
[TimeControl "2700+45"]

1. d4 d5 2. Bf4 e6 3. e3 c5 4. c3 Bd6 5. Bxd6 Qxd6 6. Nf3 Nc6 7. Nbd2 Nf6 8. Bd3
c4 9. Bc2 O-O 10. Qe2 b5 11. a3 Re8 12. h3 e5 13. dxe5 Nxe5 14. Nxe5 Qxe5 15.
Nf3 Qe7 16. Nd4 a6 17. O-O Ne4 18. f3 Ng3 19. Bxh7+ Kh8 20. Qc2 Qxe3+ 21. Kh2
Nxf1+ 22. Rxf1 g6 23. Bxg6 fxg6 24. Qxg6 Qf4+ 25. Kg1 Rg8 26. Qh5+ Kg7 27. Re1
Ra7 28. Ne6+ Bxe6 29. Rxe6 Rf7 30. Qxd5 Qf5 31. Re5 Qf6 32. Rg5+ Kh8 33. Rh5+
Rh7 34. Rf5 Qg6 35. Qe5+ Qg7 36. Qh2 Qg3 37. Qxg3 Rxg3 38. Kf2 Rhg7 39. Rf8+ Kh7
40. Ra8 Rxg2+ 41. Ke3 Rxb2 42. Rxa6 Rd7 43. Rb6 Rb3 44. f4 Rxc3+ 45. Ke4 Rb3 46.
Kf5 Rc7 47. h4 c3 48. h5 c2 49. Kg5 c1=Q 50. Rh6+ Kg8 51. Rg6+ Rg7 52. Rxg7+
Kxg7 53. h6+ Kh7 54. Kg4 Kxh6 55. a4 Rb4 56. Kf5 Qxf4+ 57. Ke6 Rd4 58. axb5 Qe4+
59. Kf6 Rd6+ 60. Kf7 Qe6+ 61. Kf8 Rd8# {White checkmated} 0-1